 Dungeon Crawl Stone Soup version 0.23.0 (webtiles) character file.

Game seed: 3441582262739926134

527 Kairos the Chopper (level 7, 37/37 HPs)
             Began as a Vine Stalker Fighter on Feb 15, 2019.
             Quit the game on level 4 of the Dungeon.
             The game lasted 00:04:50 (2991 turns).

Kairos the Chopper (Vine Stalker Fighter)           Turns: 2991, Time: 00:04:51

Health: 37/37      AC:  7    Str: 20    XL:     7   Next: 23%
Magic:  8/8        EV: 13    Int:  8    God:
Gold:   241        SH: 10    Dex: 19    Spells: 6/6 levels left

rFire    . . .     SeeInvis .   a - +0 war axe
rCold    . . .     Gourm    .   c - +0 shield
rNeg     . . .     Faith    .   b - +1 scale mail
rPois    .         Spirit   +   (no helmet)
rElec    .         Reflect  .   (no cloak)
rCorr    +         Harm     .   (no gloves)
MR       .....                  (no boots)
Stlth    +.........             p - amulet of magic regeneration
HPRegen  0.52/turn              e - ring of flight
MPRegen  0.36/turn              r - ring of resist corrosion

@: agile
A: fangs 2, regeneration 1, magic shield, antimagic bite, no potion heal 3, rot
immunity
a: Evoke Flight


You were on level 4 of the Dungeon.
You were very hungry.

You visited 1 branch of the dungeon, and saw 5 of its levels.

You collected 241 gold pieces.

Inventory:

Hand Weapons
 a - a +0 war axe (weapon)
Armour
 b - a +1 scale mail (worn)
 c - a +0 shield (worn)
Jewellery
 e - a ring of flight (left hand)
 k - an uncursed ring of fire
 p - an amulet of magic regeneration (around neck)
 r - a ring of resist corrosion (right hand)
Wands
 w - a wand of flame (9)
Scrolls
 g - 2 scrolls of immolation
 h - a scroll of teleportation
 i - 3 scrolls of remove curse
 j - a scroll of amnesia
 m - a scroll of magic mapping
 q - 2 scrolls of fog
 s - a scroll of enchant weapon {unknown}
 v - a scroll of random uselessness {unknown}
 y - a scroll of fear {unknown}
Potions
 d - a potion of might
 u - a potion of curing
Comestibles
 f - 10 rations


   Skills:
 + Level 3.7 Fighting
 + Level 5.1 Axes
 + Level 3.2 Armour
 + Level 1.0 Dodging
 + Level 0.3 Stealth
 + Level 3.7 Shields


You had 6 spell levels left.
You didn't know any spells.
Your spell library contained the following spells:

 Spells                   Type           Power        Failure   Level  Hunger
 Corona                   Hex            #......      99%         1    ##.....
 Ensorcelled Hibernation  Hex/Ice        #.....       100%        2    ###....
 Confuse                  Hex            #.......     100%        3    ####...
 Dazzling Spray           Conj/Hex       #.....       100%        3    ####...
 Tukima's Dance           Hex            #.......     100%        3    ####...


Dungeon Overview and Level Annotations

Branches:
Dungeon (5/15)
 Temple: D:4-7

Altars:
Xom


Innate Abilities, Weirdness & Mutations

You have extremely sharp teeth.
Your natural rate of healing is unusually fast.
When hurt, damage is shared between your health and your magic reserves.
Your bite disrupts and absorbs the magic of your enemies.
Potions cannot restore your health.
You are immune to rotting.


Message History

You feel yourself moving faster!
You feel mighty!
You are too berserk!
Unknown command.
Unknown command.
You start waiting.
You feel a strong urge to attack something.
You start waiting.
You feel your anger nearly subside.
You are no longer berserk.
You are exhausted.
You feel yourself slow down.
You start waiting.
You feel yourself speed up.
You start waiting.
You recover from your berserk rage.
You start waiting.
Done waiting.
It was a potion of magic.
Magic courses through your body.
It was a potion of agility.
You feel agile all of a sudden.
Are you sure you want to abandon this character and quit the game? (Confirm with "yes".)

,,***** #.###..# ,**
#.# #.## ** #.###.#
* #.#...# *
####...### ***
*#....###
,,*****#*#..#.##
*,,**,,....##.######
,,,,,,.....!..))@..#
***,,*#####.######.#
,**,,,,,* #.* *,,#
,*,,***,* #,* *,,*
,*,** *,***,* *,,*
,,,,* *,,,*,* *,,*
,,,,* ***,*,* *,,**
,,,,* *,,,** *,,,*
,,,,* ***,,* *,,,*


There were no monsters in sight!

Vanquished Creatures
  A howler monkey (D:5)
  An orc priest (D:4)
  A bullfrog skeleton (D:5)
  2 worker ants
  Natasha (thrice) (D:3)
  3 orc wizards
  A hound skeleton (D:3)
  A gnoll (D:1)
  6 adders
  A howler monkey skeleton (D:5)
  3 worms
  A dart slug (D:2)
  3 leopard geckos
  8 orcs
  A ball python (D:2)
  3 giant cockroaches
  6 goblins
  13 hobgoblins
  25 jackals
  10 kobolds
  2 quokkas (D:2)
  6 bats
  8 frilled lizards
  A jackal skeleton (D:5)
  15 rats
125 creatures vanquished.

Notes
Turn   | Place    | Note
-------+----------+-------------------------------------------
     0 | D:1      | Kairos the Vine Stalker Fighter began the quest for the
                  | Orb.
     0 | D:1      | Reached XP level 1. HP: 11/11 MP: 2/2
    67 | D:1      | Reached XP level 2. HP: 11/16 MP: 3/3
   237 | D:1      | Reached skill level 2 in Axes
   237 | D:1      | Reached XP level 3. HP: 14/20 MP: 2/4
   829 | D:2      | Gained mutation: Your natural rate of healing is unusually
                  | fast. [Vine Stalker growth]
   829 | D:2      | Reached XP level 4. HP: 24/24 MP: 5/5
  1100 | D:2      | Found a shimmering altar of Xom.
  1337 | D:2      | Reached skill level 3 in Axes
  1671 | D:3      | Reached XP level 5. HP: 27/28 MP: 6/6
  1738 | D:3      | Noticed Natasha
  1772 | D:3      | Killed Natasha
  1859 | D:3      | Noticed Natasha
  1868 | D:3      | Killed Natasha
  1908 | D:3      | Noticed Natasha
  1914 | D:3      | Killed Natasha
  2061 | D:3      | Reached XP level 6. HP: 32/32 MP: 7/7
  2084 | D:3      | You fall through a shaft for 2 floors!
  2084 | D:5      | Entered Level 5 of the Dungeon
  2101 | D:5      | Reached skill level 4 in Axes
  2704 | D:4      | Reached XP level 7. HP: 36/36 MP: 8/8
  2735 | D:4      | Reached skill level 5 in Axes
  2735 | D:4      | Reached skill level 1 in Dodging
  2753 | D:4      | HP: 1/37 [orc priest/divine providence (3)]
  2991 | D:4      | Quit the game

Skill      XL: |  1  2  3  4  5  6  7 |
---------------+----------------------+-----
Fighting       | 3 |  3.7
Axes           | 2 3 4 5 |  5.1
Shields        | 3 |  3.7
Armour         | 3 |  3.2
Dodging        | 1 |  1.0
Stealth        | |  0.3

Action                   |  1- 3 |  4- 6 |  7- 9 || total
-------------------------+-------+-------+-------++-------
Melee: War axe           |    68 |   224 |    19 ||   311
       Bite              |    13 |    70 |     5 ||    88
  Use: Scroll            |       |     8 |       ||     8
       Potion            |       |       |     4 ||     4
  Eat: Chunk             |       |     6 |       ||     6
Armor: Scale mail        |    36 |    97 |     5 ||   138
Dodge: Dodged            |    43 |    78 |     4 ||   125
Block: Shield            |    47 |   125 |     6 ||   178
